 Dungeon Crawl Stone Soup version 0.25.1-2-g60ff931df9 (webtiles) character file.

Game seed: 10297817379371951062

92004 taheo the Corrupter of Planes (level 15, -3/126 HPs)
             Began as a Demonspawn Abyssal Knight on Aug 30, 2020.
             Was the Champion of Lugonu.
             Slain by an angel
             ... wielding a +2 sacred scourge of holy wrath
              (9 damage)
             ... on level 3 of the Abyss on Sept 4, 2020.
             The game lasted 01:39:16 (37636 turns).

taheo the Corrupter of Planes (DsAK)               Turns: 37636, Time: 01:39:16

Health: -3/126     AC: 28    Str: 18    XL:     15   Next: 56%
Magic:  21/27      EV:  7    Int: 13    God:    Lugonu [******]
Gold:   2603       SH:  8    Dex: 14    Spells: 14/14 levels left

rFire    + . .     SeeInvis .   a - +0 war axe (vamp)
rCold    + . .     Gourm    .   M - +2 buckler {rF+}
rNeg     + . .     Faith    .   h - +0 plate armour
rPois    .         Spirit   .   v - +1 helmet
rElec    .         Reflect  .   (no cloak)
rCorr    .         Harm     .   S - +2 pair of gloves
MR       +....                  W - +0 pair of boots {Fly}
Stlth    ..........             b - amulet of regeneration
HPRegen  0.71/turn              X - ring of protection from cold
MPRegen  0.20/turn              J - ring of positive energy

@: about to teleport, glowing
A: talons 2, iridescent scales 3, demonic guardian 2, powered by pain 1
a: Depart the Abyss, Bend Space, Banish, Corrupt, Enter the Abyss, Brand Weapon
With Distortion, Renounce Religion, Evoke Flight


You were on level 3 of the Abyss.
You worshipped Lugonu.
Lugonu was exalted by your worship.
You were hungry.

You visited 4 branches of the dungeon, and saw 24 of its levels.
You visited the Abyss 2 times.
You also visited: Gauntlet.

You collected 3175 gold pieces.
You spent 572 gold pieces at shops.

Inventory:

Hand Weapons
 a - a +0 vampiric war axe (weapon)
 F - a +1 broad axe
 U - a +0 scimitar of flaming
Missiles
 Q - 2 throwing nets (quivered)
 Z - 19 silver javelins
Armour
 h - a +0 plate armour (worn)
 v - a +1 helmet (worn)
 M - a +2 buckler of fire resistance (worn)
 S - a +2 pair of gloves (worn)
 W - a +0 pair of boots of flying (worn)
Jewellery
 b - an amulet of regeneration (around neck)
 y - an uncursed ring of protection from cold
 H - an uncursed ring of see invisible
 J - a ring of positive energy (right hand)
 X - a ring of protection from cold (left hand)
Wands
 n - a wand of flame (20)
 t - a wand of polymorph (8)
 w - a wand of digging (12)
 z - a wand of iceblast (12)
 I - a wand of clouds (10)
Scrolls
 f - a scroll of magic mapping
 g - 3 scrolls of fog
 i - 5 scrolls of enchant armour
 k - 4 scrolls of immolation
 l - 5 scrolls of enchant weapon
 o - 5 scrolls of teleportation
 r - 14 scrolls of remove curse
 u - a scroll of vulnerability
 x - 3 scrolls of fear
 C - 2 scrolls of torment {unknown}
 D - 3 scrolls of amnesia
 L - a scroll of summoning
 P - 2 scrolls of blinking
 V - a scroll of noise {unknown}
 Y - 2 scrolls of brand weapon {unknown}
Potions
 d - 4 potions of stabbing
 e - 7 potions of might
 j - a potion of invisibility
 m - 2 potions of magic
 p - 5 potions of mutation
 q - 6 potions of lignification
 s - 7 potions of curing
 A - a potion of ambrosia
 B - a potion of haste
 G - 3 potions of flight
 K - 5 potions of brilliance
 O - 3 potions of resistance
 R - 2 potions of heal wounds
Miscellaneous
 E - a tin of tremorstones (3/3)
Comestibles
 c - 40 rations


   Skills:
 + Level 14.1 Fighting
 + Level 13.8 Axes
 + Level 11.2 Armour
 - Level 2.2 Dodging
 - Level 1.2 Stealth
 + Level 7.1 Shields
 + Level 16.0 Invocations


You had 14 spell levels left.
You didn't know any spells.
Your spell library contained the following spells:

 Spells                   Type           Power        Failure   Level  Hunger
 Animate Skeleton         Necr           N/A          99%         1    ##.....
 Apportation              Tloc           #.....       99%         1    ##.....
 Corona                   Hex            #......      99%         1    ##.....
 Freeze                   Ice            #...         99%         1    ##.....
 Magic Dart               Conj           #...         99%         1    ##.....
 Shock                    Conj/Air       #...         99%         1    ##.....
 Summon Small Mammal      Summ           #...         99%         1    ##.....
 Blink                    Tloc           N/A          100%        2    ###....
 Call Imp                 Summ           #.......     100%        2    ###....
 Shroud of Golubria       Chrm/Tloc      #.....       100%        2    ###....
 Slow                     Hex            #.......     100%        2    ###....
 Swiftness                Chrm/Air       #.......     100%        2    ###....
 Conjure Flame            Conj/Fire      #.......     100%        3    ####...
 Frozen Ramparts          Ice            #.....       100%        3    ####...
 Gell's Gravitas          Tloc           #.........   100%        3    ####...
 Lesser Beckoning         Tloc           #.........   100%        3    ####...
 Mephitic Cloud           Conj/Pois/Air  #.......     100%        3    ####...
 Ozocubu's Armour         Chrm/Ice       #.......     100%        3    ####...
 Static Discharge         Conj/Air       #.......     100%        3    ####...
 Teleport Other           Tloc           #.......     100%        3    ####...
 Airstrike                Air            #.........   100%        4    #####..
 Cause Fear               Hex            #.........   100%        4    #####..
 Hailstorm                Conj/Ice       #.......     100%        4    #####..
 Ice Form                 Ice/Tmut       #.......     100%        4    #####..
 Passage of Golubria      Tloc           N/A          100%        4    #####..
 Summon Ice Beast         Ice/Summ       #.......     100%        4    #####..
 Lightning Bolt           Conj/Air       #.........   100%        5    ######.
 Metabolic Englaciation   Hex/Ice        #.........   100%        5    ######.
 Silence                  Hex/Air        #.........   100%        5    ######.
 Yara's Violent Unravell  Hex/Tmut       #.........   100%        5    ######.
 Freezing Cloud           Conj/Ice/Air   #.........   100%        6    #######
 Ozocubu's Refrigeration  Ice            #.........   100%        6    #######
 Simulacrum               Ice/Necr       #.........   100%        6    #######
 Discord                  Hex            #.........   100%        8    #######


Dungeon Overview and Level Annotations

Branches:
Dungeon (15/15)            Temple (0/1) D:6            Lair (6/6) D:9
  Swamp (0/4) Lair:3        Snake (0/4) Lair:2        Slime (0/5) Lair:6
    Orc (2/2) D:10            Elf (1/3) Orc:2        Vaults (0/5) D:13
 Depths (0/5) D:15        Gauntlet (visited)

Altars:
Qazlal
Ru
Zin
The Shining One
Jiyva

Shops:
D:6 *   Orc:2 (}*%[   Elf:1 =

Annotations:
D:7 exclusion: downstairs
D:8 1 runed translucent door, sirjames's ghost, novice GnIE
Lair:1 1 runed translucent door, Yxkeges's ghost, journeyman GnIE
Lair:5 3 runed translucent doors, Thalamas's ghost, journeyman MiBe


Innate Abilities, Weirdness & Mutations

You have razor-sharp toenails.
You are completely covered in iridescent scales. (AC +6)
A demonic guardian rushes to your aid.
You sometimes gain a little power by taking damage.


Message History

Your smoke demon dies!
As you read the scroll of teleportation, it crumbles to dust.
You feel strangely unstable.
You feel the power of the Abyss delaying your translocation!
The angel hits you with a +2 sacred scourge of holy wrath.
* * * LOW HITPOINT WARNING * * *
You convulse.
* * * LOW HITPOINT WARNING * * *
The angel hits you but does no damage.
A chaos spawn comes into view.
Found a gateway leading deeper into the Abyss.
The angel hits you but does no damage. x2
Found a corrupted altar of Lugonu.
A rust devil comes into view.
The rust devil screeches!
You hear a bark!
A hell hound comes into view.
The angel hits you with a +2 sacred scourge of holy wrath!
* * * LOW HITPOINT WARNING * * *
You convulse!
You die...

.# ###### .## ##
...... ... ...
......#### . § .#.
......... ..§..§
...#>...####4..####
.......@A.....#...#
.....#._..#....#...
........###.#...# .
....#...#...#.##..
#. ........###....#
#.. . ......#.#
##.####. #.#
.4h.#######..# .#
A# ... #. .#..# ..
#... §....#


You could see an angel, a chaos spawn and a hell hound.

Vanquished Creatures
  A stone giant (Orc:1)
  A minotaur (Gauntlet)
  2 fire dragons
  A deep elf high priest (Elf:1)
  Fannar (Lair:3)
  4 centaur warriors
  4 dancing weapons (Elf:1)
  2 two-headed ogres
  A queen ant (shapeshifter) (Gauntlet)
  A death yak (Lair:6)
  2 tengu warriors
  2 deep elf knights (Elf:1)
  Nergalle (Lair:2)
  3 sixfirhies (Gauntlet)
  A wizard (D:13)
  2 unseen horrors (D:12)
  2 orc knights
  A deep elf archer (Elf:1)
  A wolf spider zombie (D:12)
  A wolf spider (Lair:6)
  2 ugly things
  14 deep elf magi
  An orc sorcerer (D:10)
  4 cyclopes
  8 black mambas
  13 elephants
  A guardian serpent (Lair:6)
  10 spiny frogs
  A torpor snail (Lair:3)
  5 gargoyles
  6 komodo dragons
  A rime drake (Lair:3)
  5 trolls
  A polar bear (Lair:6)
  2 hornets
  A queen bee (D:10)
  6 slime creatures
  A harpy skeleton (D:15)
  4 dream sheep (Lair:3)
  8 hippogriffs
  2 redbacks (Lair:6)
  A shadow (D:12)
  2 air elementals (Elf:1)
  2 fire elementals (Elf:1)
  A wyvern (shapeshifter) (Gauntlet)
  10 wyverns (Lair:6)
  20 yaks
  A neqoxec (Abyss:3)
  3 vampire mosquitoes (D:13)
  3 basilisks
  2 hungry ghosts
  A steam dragon (Lair:4)
  5 wargs
  8 soldier ants
  25 water moccasins
  19 orc warriors
  7 porcupines
  4 sky beasts
  A swamp drake (Orc:2)
  A black bear (D:12)
  2 phantoms
  A sky beast (shapeshifter) (Gauntlet)
  8 ogres
  An ice beast (D:12)
  A necrophage (D:12)
  5 starcursed masses (Abyss:3)
  15 wolves
  20 centaurs
  An eye of draining (D:12)
  8 crocodiles
  A big kobold (D:9)
  15 bullfrogs
  3 earth elementals (Elf:1)
  2 small abominations (Abyss:3)
  A wyvern skeleton (D:12)
  A scorpion (D:4)
  17 killer bees (D:10)
  4 wights (D:12)
  10 howler monkeys
  2 centaur zombies
  8 crimson imps
  12 orc priests
  5 hounds
  9 jellies
  20 orc wizards
  A bullfrog skeleton (D:12)
  5 centaur skeletons
  An iguana (D:13)
  An iron imp (Orc:2)
  A gnoll shaman (D:7)
  22 worker ants
  A killer bee zombie (D:10)
  3 hound skeletons
  A worker ant zombie (D:8)
  11 gnolls (D:7)
  13 adders
  5 shadow imps
  A white imp (Orc:2)
  14 oozes (Lair:2)
  An adder skeleton (D:7)
  A worm (D:4)
  6 leopard geckos
  63 orcs
  A ball python (D:2)
  9 giant cockroaches
  4 goblins (D:1)
  4 hobgoblins
  6 jackals
  4 kobolds
  3 quokkas
  5 bats
  4 frilled lizards
  A leopard gecko skeleton (D:6)
  7 rats
  6 fungi
  5 plants
628 creatures vanquished.

Vanquished Creatures (collateral kills)
  Rupert (Lair:5)
  A fire giant (D:15)
  2 entropy weavers (Lair:6)
  3 hydras
  A two-headed ogre (Orc:2)
  Erica (D:10)
  A catoblepas (Gauntlet)
  2 centaur warriors (Orc:2)
  A queen ant (Lair:6)
  5 death yaks (Lair:6)
  An orc high priest (Orc:1)
  A sixfirhy (Gauntlet)
  2 orc sorcerers
  2 orc knights (Orc:2)
  6 deep elf magi (Elf:1)
  14 elephants
  A cyclops (D:12)
  4 black mambas (Lair:6)
  A torpor snail (Lair:2)
  2 spiny frogs
  A centaur skeleton (D:15)
  A komodo dragon (Lair:6)
  A hornet (Lair:6)
  2 trolls
  A hippogriff (D:9)
  11 yaks
  A vampire mosquito (D:13)
  2 water moccasins
  A warg (Orc:1)
  An acid dragon (D:12)
  3 soldier ants (Lair:6)
  A sky beast (D:10)
  12 orc warriors
  2 ice beasts
  5 centaurs
  5 ogres
  2 wolves (Lair:2)
  A crocodile (Lair:5)
  A bullfrog (D:9)
  A wyvern zombie (D:9)
  A gnoll sergeant (D:7)
  A scorpion (D:3)
  An orc priest (Orc:1)
  3 orc wizards (Orc:1)
  2 worker ants (Lair:6)
  An adder (D:4)
  3 leopard geckos
  10 orcs
  A ball python skeleton (D:4)
  A kobold (D:9)
131 creatures vanquished.

Vanquished Creatures (others)
  A wolf spider zombie (D:9)
  A rime drake (Lair:6)
  A warg (Orc:1)
  An orc (Orc:2)
  A bush (Lair:6)
  31 fungi
  21 plants
57 creatures vanquished.

Grand Total: 816 creatures vanquished

Notes
Turn   | Place    | Note
-------+----------+-------------------------------------------
     0 | Abyss:1  | taheo the Demonspawn Abyssal Knight began the quest for the
                  | Orb.
     0 | Abyss:1  | Reached XP level 1. HP: 18/18 MP: 2/2
     0 | Abyss:1  | Found a corrupted altar of Lugonu.
    44 | Abyss:1  | Noticed a fire bat
    45 | Abyss:1  | Noticed a chaos spawn
    49 | D:1      | Escaped the Abyss
   508 | D:1      | Reached * piety under Lugonu
   590 | D:1      | Gained mutation: You are partially covered in iridescent
                  | scales. (AC +2) [demonic ancestry]
   590 | D:1      | Reached XP level 2. HP: 22/24 MP: 3/3
  1357 | D:2      | Reached XP level 3. HP: 24/29 MP: 4/4
  1449 | D:2      | Reached skill level 1 in Dodging
  1837 | D:2      | HP: 2/43 [poisoned by an adder]
  2324 | D:2      | Gained mutation: A weak demonic guardian rushes to your
                  | aid. [demonic ancestry]
  2324 | D:2      | Reached XP level 4. HP: 33/36 MP: 5/5
  3123 | D:3      | Reached ** piety under Lugonu
  3123 | D:3      | Reached XP level 5. HP: 41/42 MP: 6/6
  3414 | D:4      | Reached skill level 1 in Stealth
  3433 | D:4      | Noticed a phantom
  3469 | D:4      | Killed a phantom
  3469 | D:4      | Gained mutation: You have sharp toenails. [demonic
                  | ancestry]
  3469 | D:4      | Reached XP level 6. HP: 37/48 MP: 7/7
  3950 | D:4      | Gained mutation: You are mostly covered in iridescent
                  | scales. (AC +4) [demonic ancestry]
  3950 | D:4      | Reached XP level 7. HP: 55/55 MP: 8/8
  3999 | D:4      | Found a glowing silver altar of Zin.
  4221 | D:5      | Entered Level 5 of the Dungeon
  4265 | D:5      | Reached skill level 5 in Axes
  4654 | D:5      | Reached skill level 5 in Fighting
  5012 | D:6      | Noticed a komodo dragon
  5037 | D:6      | Killed a komodo dragon
  5270 | D:6      | Gained mutation: You have razor-sharp toenails. [demonic
                  | ancestry]
  5270 | D:6      | Reached XP level 8. HP: 62/63 MP: 9/9
  5661 | D:6      | Found a staircase to the Ecumenical Temple.
  5727 | D:6      | Found Nuptih's Elemental Accessories.
  6127 | D:7      | Reached *** piety under Lugonu
  6626 | D:7      | Reached skill level 1 in Shields
  6882 | D:7      | Reached skill level 3 in Invocations
  7067 | D:7      | Reached XP level 9. HP: 71/71 MP: 11/11
  7231 | D:8      | Noticed a skeletal warrior
  7231 | D:8      | Noticed a skeletal warrior
  7234 | D:8      | Noticed a skeletal warrior
  7234 | D:8      | Noticed a skeletal warrior
  7312 | D:8      | Noticed sirjames's ghost (novice GnIE)
  7349 | D:8      | Found a runed translucent door.
  7372 | D:8      | Noticed a skeletal warrior
  7514 | D:9      | Found a stormy altar of Qazlal.
  7523 | D:9      | Reached skill level 4 in Invocations
  7751 | D:9      | Found a staircase to the Lair.
  7751 | D:9      | Noticed an elephant
  7786 | D:9      | Killed an elephant
  7786 | D:9      | Reached **** piety under Lugonu
  7786 | D:9      | Reached skill level 5 in Invocations
  7824 | D:9      | Reached skill level 6 in Invocations
  8206 | D:9      | Reached XP level 10. HP: 68/81 MP: 14/14
  8260 | D:9      | Noticed a two-headed ogre
  8292 | D:8      | Noticed a two-headed ogre
  8674 | D:9      | Killed a two-headed ogre
  8674 | D:9      | Reached skill level 7 in Invocations
  8984 | D:10     | Entered Level 10 of the Dungeon
  9084 | D:10     | Reached skill level 8 in Invocations
  9114 | D:10     | Noticed Erica
  9833 | D:10     | Noticed a tengu warrior
  9850 | D:10     | Killed a tengu warrior
 10052 | D:10     | Found a staircase to the Orcish Mines.
 10272 | D:10     | Noticed a gargoyle
 10738 | D:11     | You fall into a shaft and drop 3 floors!
 10878 | D:14     | Reached skill level 9 in Invocations
 11032 | D:13     | Noticed a cyclops
 11032 | D:13     | Noticed a green ugly thing
 11126 | D:14     | Gained mutation: You are completely covered in iridescent
                  | scales. (AC +6) [demonic ancestry]
 11126 | D:14     | Reached XP level 11. HP: 82/89 MP: 17/17
 11232 | D:14     | Reached skill level 10 in Axes
 11233 | D:14     | HP: 3/90 [centaur (4)]
 11670 | D:14     | Got a smoking whip
 12135 | D:13     | Reached skill level 5 in Armour
 12316 | D:13     | Noticed a centaur warrior
 12337 | D:13     | Killed a centaur warrior
 12337 | D:13     | Reached skill level 10 in Fighting
 12693 | D:13     | Noticed a deep elf mage
 12708 | D:13     | Killed a deep elf mage
 12708 | D:13     | Reached ***** piety under Lugonu
 12879 | D:13     | Got a coiled silver ring
 13105 | D:13     | Found a gate to the Vaults.
 13136 | D:13     | Noticed a two-headed ogre
 13330 | D:13     | Reached skill level 10 in Invocations
 13793 | D:13     | Noticed a wizard
 13814 | D:13     | Killed a wizard
 13831 | D:13     | Killed a two-headed ogre
 14518 | D:12     | Identified the ring of Fyupt {Fire +Blink} (You found it on
                  | level 13 of the Dungeon)
 14537 | D:12     | Killed an unseen horror
 14646 | D:12     | Noticed a cyan ugly thing
 14669 | D:12     | Killed a cyan ugly thing
 15040 | D:12     | Killed an unseen horror
 15574 | D:12     | Reached skill level 11 in Invocations
 15574 | D:12     | Gained mutation: A demonic guardian rushes to your aid.
                  | [demonic ancestry]
 15574 | D:12     | Reached XP level 12. HP: 83/99 MP: 20/20
 17079 | D:10     | Killed Erica
 17804 | Orc:1    | Entered Level 1 of the Orcish Mines
 18938 | Orc:2    | Entered Level 2 of the Orcish Mines
 19422 | Orc:2    | Noticed a centaur warrior
 19742 | Orc:2    | Killed a centaur warrior
 19761 | Orc:1    | Reached skill level 12 in Invocations
 21144 | Orc:2    | Found a staircase to the Elven Halls.
 21208 | Orc:2    | Noticed a stone giant
 21259 | Orc:1    | Killed a stone giant
 21594 | Orc:2    | Noticed a centaur warrior
 21602 | Orc:2    | Killed a centaur warrior
 22345 | Orc:2    | Noticed a two-headed ogre
 22355 | Orc:2    | Killed a two-headed ogre
 22534 | Orc:2    | Found Yfusev's Antique Armour Boutique.
 22566 | Orc:2    | Found Pugg's Gadget Shoppe.
 22566 | Orc:2    | Found Qibevis's Assorted Antiques.
 22568 | Orc:2    | Found Hikea's Food Shop.
 22570 | Orc:2    | Found Nygepnigg's Antique Weapon Emporium.
 22575 | Orc:2    | Bought a silvery potion for 26 gold pieces
 22965 | Orc:2    | Gained mutation: You sometimes gain a little power by
                  | taking damage. [demonic ancestry]
 22965 | Orc:2    | Reached XP level 13. HP: 76/107 MP: 22/22
 24288 | Orc:1    | Reached ****** piety under Lugonu
 24706 | Orc:2    | Bought a runed war axe for 188 gold pieces
 24706 | Orc:2    | Bought a scroll of identify for 58 gold pieces
 24804 | Lair:1   | Entered Level 1 of the Lair of Beasts
 25282 | Lair:1   | Reached skill level 13 in Invocations
 25718 | Lair:1   | Found a runed translucent door.
 25719 | Lair:1   | Noticed Yxkeges's ghost (journeyman GnIE)
 26227 | Lair:2   | Noticed Nergalle
 26581 | Lair:2   | Killed Nergalle
 26963 | Lair:2   | Found a staircase to the Snake Pit.
 27443 | Lair:3   | Found a staircase to the Swamp.
 27678 | Lair:3   | Found a glowing golden altar of the Shining One.
 27935 | Lair:3   | Noticed Fannar
 27951 | Lair:3   | Killed Fannar
 28407 | Lair:4   | Noticed a fire dragon
 28428 | Lair:4   | Killed a fire dragon
 28787 | Lair:4   | Reached skill level 14 in Invocations
 29191 | Lair:5   | Noticed Rupert
 29198 | Lair:5   | Killed Rupert
 29205 | Lair:5   | Reached XP level 14. HP: 62/116 MP: 24/24
 29687 | Lair:5   | Found a runed translucent gate.
 29687 | Lair:5   | Found a runed translucent gate.
 29714 | Lair:5   | Found a runed translucent gate.
 29877 | Lair:5   | Noticed Thalamas's ghost (journeyman MiBe)
 30365 | Lair:6   | Entered Level 6 of the Lair of Beasts
 30416 | Lair:6   | Noticed an entropy weaver
 30421 | Lair:6   | Killed an entropy weaver
 30456 | Lair:6   | Reached skill level 10 in Armour
 30531 | Lair:6   | Noticed an entropy weaver
 30556 | Lair:6   | Killed an entropy weaver
 30965 | Lair:6   | Reached skill level 5 in Shields
 31026 | Lair:6   | Reached skill level 15 in Invocations
 31773 | Lair:6   | Paralysed by a hornet for 2 turns
 32574 | Lair:6   | Found a viscous altar of Jiyva.
 32574 | Lair:6   | Found a staircase to the Slime Pits.
 33806 | D:15     | Entered Level 15 of the Dungeon
 33903 | D:15     | Found a gate leading to a gauntlet.
 33908 | Gauntlet | Entered a Gauntlet
 33908 | Gauntlet | Found a transporter.
 33908 | Gauntlet | Found a runed translucent gate.
 33908 | Gauntlet | Found a runed translucent gate.
 33910 | Gauntlet | Found a runed translucent gate.
 33915 | Gauntlet | Found a transporter.
 33917 | Gauntlet | Found a transporter.
 33926 | Gauntlet | Found a transporter.
 33928 | Gauntlet | Found a transporter.
 33940 | Gauntlet | Found a transporter.
 33950 | Gauntlet | Noticed an entropy weaver
 33953 | Gauntlet | Found a transporter.
 33963 | Gauntlet | Found a transporter.
 33973 | Gauntlet | Found a transporter.
 33983 | Gauntlet | Found a runed translucent door.
 33983 | Gauntlet | Found a runed translucent door.
 33987 | Gauntlet | Found a transporter.
 34001 | Gauntlet | Found a transporter.
 34002 | Gauntlet | Found a transporter.
 34023 | Gauntlet | Found a transporter.
 34023 | Gauntlet | Found a transporter.
 34379 | Gauntlet | Reached XP level 15. HP: 124/124 MP: 26/26
 34758 | Gauntlet | Identified the +11 scimitar of the Manifold Olives {vorpal,
                  | +Fly Stlth+}
 34786 | Gauntlet | HP: 6/125 [minotaur/silver javelin (8)]
 35182 | D:15     | Found a sacrificial altar of Ru.
 35401 | D:15     | Found a staircase to the Depths.
 35401 | D:15     | Noticed a fire giant
 35457 | D:15     | Killed a fire giant
 36158 | Elf:1    | Entered Level 1 of the Elven Halls
 36436 | Elf:1    | Found Diha's Jewellery Boutique.
 36440 | Elf:1    | Bought an uncursed ring of see invisible for 300 gold
                  | pieces
 37032 | Elf:1    | Reached skill level 16 in Invocations
 37402 | Elf:1    | Noticed a deep elf sorcerer
 37406 | Elf:1    | Cast into level 3 of the Abyss (a deep elf sorcerer)
 37412 | Abyss:3  | Found a corrupted altar of Lugonu.
 37633 | Abyss:3  | Found a corrupted altar of Lugonu.
 37636 | Abyss:3  | HP: 6/126 [angel/+2 sacred scourge of holy wrath (15)]
 37636 | Abyss:3  | Slain by an angel

Illustrated notes

Levels and vault maps discovered:
D:1:      matt_arrival_los_fun, layout_basic, corexii_leaking_fountain
D:2:      layout_basic, first_ration, serial_bayou, serial_bayou_shore_b,
          serial_bayou_shore_b, serial_bayou_pond_a, serial_bayou_lake_a
D:3:      layout_rooms
D:4:      layout_loops_ring, overflow_temple_1_default
D:5:      layout_cave_pools, feat_on_display
D:6:      layout_rooms, nicolae_elemental_shop
D:7:      layout_loops_cross
D:8:      layout_rooms, hellmonk_ghost_happy_afterlife, grunt_livestock,
          minmay_misc_feat_cross, grunt_tough_drop
D:9:      layout_big_octagon, david_lair_generic,
          nicolae_qazlal_general_emergency
D:10:     layout_stronghold, orc_0_dummy, chequers_jeans, minivault_20,
          minivault_7, uniq_erica
D:11:     layout_rooms
D:12:     layout_stronghold, drop_trap
D:13:     layout_basic, david_vaults_1
D:14:     layout_cave_pools, minivault_27
D:15:     grunt_enter_depths_giant_problem, layout_loops_ring,
          nicolae_ru_sacrificial_ziggurat, gauntlet_entry_generic
Lair:1:   layout_loops_ring, ebering_ghost_reflecting_pool, lemuel_fruit_fields,
          lemuel_fruit_tree
Lair:2:   lemuel_slime, layout_loops_ring, dummy_snake_entry, uniq_nergalle
Lair:3:   layout_cave_shapes, swamp_mist_pool, basic_altar,
          serial_bayou_shore_a, serial_bayou_shore_b, uniq_fannar
Lair:4:   dragon1_lemuel, layout_regular_city, grunt_megastairs_4
Lair:5:   layout_loops_ring, gammafunk_ghost_necromancy, lemuel_fruit_fields,
          uniq_rupert
Lair:6:   hangedman_lair_tendril_chambers, layout_gridlike,
          dpeg_slime_entry_enclosed_altar, minmay_another_anthill
Orc:1:    layout_caves
Orc:2:    st_orc_rangers, layout_caves, serial_shops, nicolae_shop_behind_doors,
          hangedman_minor_magic
Elf:1:    layout_geoelf_diagonals, serial_shops, shop, hangedman_elf_represent,
          nicolae_elf_w_pinch
Abyss:3:  base: Lair:6, evilmike_abyss_rune_ettins,
          evilmike_abyss_exit_mutagenic, doesnt_abyss_rune_brain_food

Skill      XL: |  1  2  3  4  5  6  7  8  9 10 11 12 13 14 15 |
---------------+----------------------------------------------+-----
Armour         | 2 3 4 6 8 9 10 11 | 11.2
Axes           | 2 3 4 6 8 9 10 11 12 13 | 13.8
Dodging        | 1 2 |  2.2
Stealth        | 1 |  1.2
Fighting       | 4 5 6 8 9 10 11 12 13 14 | 14.1
Shields        | 2 4 6 7 |  7.1
Invocations    | 3 6 9 11 12 14 15 16 | 16.0

Action                   |  1- 3 |  4- 6 |  7- 9 | 10-12 | 13-15 || total
-------------------------+-------+-------+-------+-------+-------++-------
Melee: Hand axe          |   108 |   131 |   311 |  1013 |    78 ||  1641
       Kick              |       |     7 |   125 |    44 |       ||   176
       Broad axe         |       |       |       |    51 |       ||    51
       War axe           |       |       |       |       |  1561 ||  1561
       Scimitar          |       |       |       |       |     6 ||     6
Throw: Stone             |       |       |     3 |    12 |       ||    15
Invok: Depart the Abyss  |     1 |       |       |       |       ||     1
       Bend Space        |       |       |     5 |    14 |     2 ||    21
       Banish            |       |       |     1 |     1 |     3 ||     5
 Abil: Stop Flying       |       |       |       |       |     1 ||     1
Evoke: Wand              |       |       |       |    14 |     5 ||    19
  Use: Potion            |     6 |       |       |     8 |     1 ||    15
       Scroll            |       |     3 |     5 |    13 |    10 ||    31
 Stab: Distracted        |       |     1 |     2 |     6 |    14 ||    23
       Sleeping          |       |       |     1 |     4 |     2 ||     7
  Eat: Chunk             |     4 |     6 |    15 |    31 |    29 ||    85
       Ration            |       |       |       |     5 |     6 ||    11
Armor: Leather armour    |    47 |    56 |    36 |       |       ||   139
       Skin              |     4 |       |       |    41 |       ||    45
       Ring mail         |       |       |    82 |   415 |    91 ||   588
       Plate armour      |       |       |       |       |  1035 ||  1035
Dodge: Dodged            |    99 |    83 |   176 |   467 |   605 ||  1430
Block: Buckler           |       |       |    38 |   369 |   597 ||  1004
